Panthers vs Devils

Created - March 10, 2020 at 20:57

Goals
1 2 3 OT1 SO T
Panthers 1 2 0 0 0 3
Devils 0 1 2 0 1 4
Shots
1 2 3 OT1 SO T
Panthers 8 7 14 2 3 31
Devils 2 17 10 0 3 29

1st period

1. Panthers , Alex Galchenyuk 29 (Matt Duchene 42, Drew Stafford 25) at 0:28

Penalties :
Kellan Lain (NJD) for Holding (Minor) at 16:05

2nd period

2. Panthers , Alex Galchenyuk 30 (Matt Duchene 43) at 0:36 (PP)
3. Panthers , Chad Larose 8 (David Booth 17, Erik Gudbranson 22) at 3:13
4. Devils , Kevin Porter 5 (Riley Sheahan 15, Brent Seabrook 22) at 8:55

Penalties :
Travis Hamonic (NJD) for Roughing (Minor) at 0:32, Kevin Porter (NJD) for Tripping (Minor) at 6:27, Viktor Arvidsson (NJD) for Interference (Minor) at 10:03, Steve Montador (Flo) for Tripping (Minor) at 16:32

3rd period

5. Devils , Travis Hamonic 6 (Tyler Bozak 5, Rostislav Olesz 8) at 6:50
6. Devils , Johnny Gaudreau 37 (Rostislav Olesz 9) at 10:56

Penalties :
David Booth (Flo) for Hooking (Minor) at 1:32, Matt Duchene (Flo) for Hooking (Minor) at 6:55, Tyler Seguin (NJD) for Hooking (Minor) at 18:36

Overtime #1

No Goal

Penalties :
No Penalty

Shootout

Panthers, Alex Galchenyuk - Shot Misses the Net
Devils, Tyler Seguin - Stopped by Braden Holtby
Panthers, Kyle Wellwood - Shot Misses the Net
Devils, Viktor Arvidsson - Shot Misses the Net
Panthers, Daniel Paille - Shot Misses the Net
Devils, Johnny Gaudreau - Goal!

Penalties :
No Penalty

Goalie Stats

Braden Holtby (Flo), 26 saves from 29 shots - (0.897), OTL, 5-9-3, 65:00 minutes
Keith Kinkaid (NJD), 28 saves from 31 shots - (0.903), W, 7-8-0, 65:00 minutes

Players Stats for Panthers

Player Name              G  A  P  +/- PIM S  H  SB GA TA FO     MP     PP MP  PK MP  
------------------------------------------------------------------------------------
Alex Galchenyuk          2  0  2   1  0   5  1  2  0  0  2/2    22:25   3:53   0:55 
Brandon Gormley          0  0  0  -1  0   0  1  0  0  2  0/0    18:14   2:50   0:37 
Chad Larose              1  0  1   0  0   1  2  0  0  1  0/1    18:40   3:31   3:15 
Daniel Paille            0  0  0   0  0   1  2  1  0  0  0/0     8:58   0:00   0:00 
David Booth              0  1  1   0  2   3  1  1  1  0  0/0    16:53   3:31   0:00 
Drew Stafford            0  1  1   1  0   3  2  0  0  0  1/1    21:05   3:53   1:36 
Erik Gudbranson          0  1  1   1  0   1  1  1  0  2  0/0    29:35   4:34   3:45 
Jonathan Sigalet         0  0  0   0  0   1  0  2  0  0  0/0    26:04   2:50   2:25 
Kyle Wellwood            0  0  0   0  0   1  4  0  0  0  1/4    10:26   0:00   1:36 
Linus Omark              0  0  0  -2  0   1  0  0  0  1  0/0    13:32   0:00   0:57 
Marek Svatos             0  0  0   0  0   0  2  0  0  0  0/0     7:29   0:00   0:00 
Matt Duchene             0  2  2   1  2   3  1  0  0  1  16/35  21:28   3:53   0:09 
Matt Irwin               0  0  0  -1  0   1  1  2  0  1  0/0    14:40   0:00   0:00 
Patrick Eaves            0  0  0  -2  0   2  3  0  1  0  0/0    12:09   0:00   0:00 
Stephen Weiss            0  0  0  -2  0   3  1  0  0  0  1/4    12:09   0:00   0:00 
Steve Montador           0  0  0  -1  2   1  4  0  1  1  0/0    17:13   0:00   1:35 
Taylor Chorney           0  0  0   0  0   3  1  2  0  0  0/0    23:19   4:34   3:32 
Travis Zajac             0  0  0   0  0   1  5  0  0  0  10/18  19:41   3:31   3:26 

Players Stats for Devils

Player Name              G  A  P  +/- PIM S  H  SB GA TA FO     MP     PP MP  PK MP  
------------------------------------------------------------------------------------
Anthony Stewart          0  0  0   1  0   1  2  1  1  0  0/0     9:55   0:00   0:00 
Brady Skjei              0  0  0  -1  0   6  4  2  4  0  0/0    24:41   3:22   0:00 
Brenden Morrow           0  0  0   1  0   1  1  0  0  0  1/2    17:31   0:00   4:25 
Brent Seabrook           0  1  1   1  0   2  2  2  1  1  0/0    25:08   2:35   5:04 
Johnny Gaudreau          1  0  1  -1  0   5  2  3  0  0  0/0    21:20   3:20   1:54 
Jordan Caron             0  0  0   0  0   0  1  0  0  1  1/1    10:59   0:00   0:00 
Kellan Lain              0  0  0   0  2   2  1  1  2  0  0/0    14:58   2:37   1:27 
Kevin Porter             1  0  1   1  2   4  2  1  0  0  4/8    14:31   0:00   1:49 
Ladislav Smid            0  0  0   1  0   0  0  0  0  0  0/0    13:33   0:00   2:56 
Marian Hossa             0  0  0   0  0   0  6  0  0  0  0/0    12:38   2:37   0:00 
Radko Gudas              0  0  0   2  0   0  2  0  0  0  0/0    15:44   0:00   4:28 
Riley Sheahan            0  1  1   1  0   0  1  0  0  0  9/16   19:23   3:20   4:15 
Rostislav Olesz          0  2  2   1  0   2  1  0  1  0  0/0    11:11   0:00   0:14 
Tobias Enstrom           0  0  0   0  0   1  1  1  0  1  0/0    23:33   2:35   2:56 
Travis Hamonic           1  0  1  -1  2   1  0  1  0  0  0/0    26:32   3:22   0:36 
Tyler Bozak              0  1  1   1  0   0  0  0  0  0  5/6     9:55   0:00   0:00 
Tyler Seguin             0  0  0  -1  2   2  4  0  0  0  13/31  21:05   2:37   1:20 
Viktor Arvidsson         0  0  0  -1  2   2  0  0  0  0  1/1    19:18   3:20   0:00 

3 Stars

1 - Alex Galchenyuk (Flo)
2 - Rostislav Olesz (NJD)
3 - Johnny Gaudreau (NJD)

Power Play

Panthers - 1 on 5 Attempt(s) - 20.00%
Devils - 0 on 3 Attempt(s) - 0.00%

Penalty Kill

Panthers - 3 on 3 Attempt(s) - 100.00% - Score 0 goal in Penalty Kill
Devils - 4 on 5 Attempt(s) - 80.00% - Score 0 goal in Penalty Kill

Team Stat

Panthers - Hits : 32 - Faceoff Wins : 31 - Blocked Shots : 11 - Penalty Minutes : 6
Devils - Hits : 30 - Faceoff Wins : 34 - Blocked Shots : 12 - Penalty Minutes : 10

Official

Referees : Unknown
Linesman : Unknown

Game Notes

No Game Note

Finance

Level 1 -- Attendance: 4810 (80.17%) -- Ticket Income $529,100
Level 2 -- Attendance: 4236 (84.72%) -- Ticket Income $296,520
Level 3 -- Attendance: 1434 (71.70%) -- Ticket Income $65,964
Level 4 -- Attendance: 3001 (75.03%) -- Ticket Income $90,030
Luxury Box -- Attendance: 1000 (100.00%) -- Ticket Income $180,000
Game was played at the The prudential Center.
Total Attendance: 14481 (80.45%)
Total Ticket Income: $1,161,614
Other Income: $174,242
Total Income: $1,335,856

Panthers

5 vs 5 Forward 
   Center                   Left Wing                Right Wing               Time % Phy DF OF 
 1 Matt Duchene             Alex Galchenyuk          Drew Stafford            40     0   2  3  
 2 Travis Zajac             David Booth              Chad Larose              30     0   2  3  
 3 Stephen Weiss            Linus Omark              Patrick Eaves            20     0   3  2  
 4 Kyle Wellwood            Daniel Paille            Marek Svatos             10     1   2  2  

5 vs 5 Defense 
   Defense                  Defense                                           Time % Phy DF OF 
 1 Erik Gudbranson          Jonathan Sigalet                                  40     0   2  3  
 2 Taylor Chorney           Brandon Gormley                                   30     0   2  3  
 3 Steve Montador           Matt Irwin                                        20     0   3  2  
 4 Erik Gudbranson          Jonathan Sigalet                                  10     0   2  3  

PowerPlay Forward 
   Center                   Left Wing                Right Wing               Time % Phy DF OF 
 1 Matt Duchene             Alex Galchenyuk          Drew Stafford            60     0   1  4  
 2 Travis Zajac             David Booth              Chad Larose              40     0   1  4  

PowerPlay Defense
   Defense                  Defense                                           Time % Phy DF OF 
 1 Erik Gudbranson          Taylor Chorney                                    60     0   2  3  
 2 Jonathan Sigalet         Brandon Gormley                                   40     0   2  3  

Penalty Kill 4 Players Forward 
   Center                   Wing                     Time % Phy DF OF 
 1 Travis Zajac             Chad Larose              60     1   3  1  
 2 Kyle Wellwood            Drew Stafford            40     1   3  1  

Penalty Kill 4 Players Defense
   Defense                  Defense                  Time % Phy DF OF 
 1 Erik Gudbranson          Taylor Chorney           60     1   4  0  
 2 Jonathan Sigalet         Steve Montador           40     1   4  0  

Penalty Kill - 3 Players Forward 
   Forward                                           Time % Phy DF OF 
 1 Chad Larose                                       60     1   3  1  
 2 Drew Stafford                                     40     1   3  1  

Penalty Kill - 3 Players Defense
   Defense                  Defense                  Time % Phy DF OF 
 1 Erik Gudbranson          Taylor Chorney           60     1   4  0  
 2 Jonathan Sigalet         Steve Montador           40     1   4  0  

4 vs 4 Forward 
   Center                   Wing                     Time % Phy DF OF 
 1 Matt Duchene             Alex Galchenyuk          60     0   2  3  
 2 Travis Zajac             David Booth              40     0   2  3  

4 vs 4 Defense
   Defense                  Defense                  Time % Phy DF OF 
 1 Erik Gudbranson          Jonathan Sigalet         60     0   2  3  
 2 Taylor Chorney           Brandon Gormley          40     1   2  2  

Last Minutes Offensive
   Center                   Left Wing                Right Wing               Defense                  Defense                  
   Matt Duchene             Alex Galchenyuk          Drew Stafford            Erik Gudbranson          Jonathan Sigalet         

Last Minutes Defensive
   Center                   Left Wing                Right Wing               Defense                  Defense                  
   Travis Zajac             Linus Omark              Chad Larose              Erik Gudbranson          Taylor Chorney           

Goaltenders
Starting : Braden Holtby            
Backup : Petr Mrazek              

Extra Forwards
Normal : David Booth, Alex Galchenyuk, Matt Duchene - PP : David Booth, Alex Galchenyuk - PK : Linus Omark
Extra Defensemen
Normal : Brandon Gormley, Taylor Chorney, Erik Gudbranson - PP : Brandon Gormley - PK : Brandon Gormley, Taylor Chorney
Penalty Shots
Alex Galchenyuk, Kyle Wellwood, Daniel Paille, Travis Zajac, David Booth

Scratches
Christian Ehrhoff (Healthy), Lubomir Visnovsky (Healthy)

Devils

5 vs 5 Forward 
   Center                   Left Wing                Right Wing               Time % Phy DF OF 
 1 Tyler Seguin             Johnny Gaudreau          Viktor Arvidsson         40     0   2  3  
 2 Riley Sheahan            Kellan Lain              Marian Hossa             30     1   2  2  
 3 Kevin Porter             Brenden Morrow           Jordan Caron             20     1   2  2  
 4 Tyler Bozak              Rostislav Olesz          Anthony Stewart          10     1   2  2  

5 vs 5 Defense 
   Defense                  Defense                                           Time % Phy DF OF 
 1 Travis Hamonic           Brady Skjei                                       40     1   2  2  
 2 Brent Seabrook           Tobias Enstrom                                    30     1   2  2  
 3 Ladislav Smid            Radko Gudas                                       20     1   2  2  
 4 Travis Hamonic           Tobias Enstrom                                    10     1   2  2  

PowerPlay Forward 
   Center                   Left Wing                Right Wing               Time % Phy DF OF 
 1 Riley Sheahan            Johnny Gaudreau          Viktor Arvidsson         60     1   2  2  
 2 Tyler Seguin             Kellan Lain              Marian Hossa             40     1   2  2  

PowerPlay Defense
   Defense                  Defense                                           Time % Phy DF OF 
 1 Travis Hamonic           Brady Skjei                                       60     1   2  2  
 2 Tobias Enstrom           Brent Seabrook                                    40     1   2  2  

Penalty Kill 4 Players Forward 
   Center                   Wing                     Time % Phy DF OF 
 1 Riley Sheahan            Brenden Morrow           60     1   2  2  
 2 Kevin Porter             Kellan Lain              40     1   2  2  

Penalty Kill 4 Players Defense
   Defense                  Defense                  Time % Phy DF OF 
 1 Brent Seabrook           Radko Gudas              60     1   2  2  
 2 Tobias Enstrom           Ladislav Smid            40     1   2  2  

Penalty Kill - 3 Players Forward 
   Forward                                           Time % Phy DF OF 
 1 Brenden Morrow                                    60     1   2  2  
 2 Kevin Porter                                      40     1   2  2  

Penalty Kill - 3 Players Defense
   Defense                  Defense                  Time % Phy DF OF 
 1 Travis Hamonic           Brent Seabrook           60     1   2  2  
 2 Tobias Enstrom           Ladislav Smid            40     1   2  2  

4 vs 4 Forward 
   Center                   Wing                     Time % Phy DF OF 
 1 Tyler Seguin             Brenden Morrow           60     1   2  2  
 2 Riley Sheahan            Viktor Arvidsson         40     1   2  2  

4 vs 4 Defense
   Defense                  Defense                  Time % Phy DF OF 
 1 Travis Hamonic           Brent Seabrook           60     1   2  2  
 2 Tobias Enstrom           Brady Skjei              40     1   2  2  

Last Minutes Offensive
   Center                   Left Wing                Right Wing               Defense                  Defense                  
   Tyler Seguin             Johnny Gaudreau          Viktor Arvidsson         Travis Hamonic           Brent Seabrook           

Last Minutes Defensive
   Center                   Left Wing                Right Wing               Defense                  Defense                  
   Riley Sheahan            Brenden Morrow           Marian Hossa             Travis Hamonic           Brent Seabrook           

Goaltenders
Starting : Keith Kinkaid            
Backup : Antti Niemi              

Extra Forwards
Normal : Riley Sheahan, Rostislav Olesz, Kevin Porter - PP : Brenden Morrow, Rostislav Olesz - PK : Kevin Porter
Extra Defensemen
Normal : Brady Skjei, Ladislav Smid, Radko Gudas - PP : Brady Skjei - PK : Ladislav Smid, Tobias Enstrom
Penalty Shots
Tyler Seguin, Viktor Arvidsson, Johnny Gaudreau, Riley Sheahan, Marian Hossa

Scratches
Mike Zigomanis (Healthy), Brandon Burlon (Healthy)

% Time on Ice - Panthers

Lines # - Real PCT - Wanted PCT - Time Play
Normal Forward
1 - 33% - 40% - 15:33
2 - 25% - 30% - 11:28
3 - 26% - 20% - 12:09
4 - 16% - 10% - 7:29
Normal Defense
1 - 40% - 40% - 18:34
2 - 27% - 30% - 12:35
3 - 30% - 20% - 13:52
4 - 4% - 10% - 1:38
PP Forward
1 - 52% - 60% - 3:53
2 - 48% - 40% - 3:31
PP Defense
1 - 62% - 60% - 4:34
2 - 38% - 40% - 2:50
PK Forward
1 - 73% - 60% - 4:21
2 - 27% - 40% - 1:36
PK Defense
1 - 59% - 60% - 3:32
2 - 41% - 40% - 2:25
PK3 Forward
1 - 0% - 60%
2 - 0% - 40%
PK3 Defense
1 - 0% - 60%
2 - 0% - 40%
44 Forward
1 - 75% - 60% - 3:44
2 - 25% - 40% - 1:16
44 Defense
1 - 56% - 60% - 2:48
2 - 44% - 40% - 2:12
Last Minute Offensive  - 0:00
Last Minute Defensive  - 0:00
Total
Forward - 65:00
Defense - 65:00

% Time on Ice - Devils

Lines # - Real PCT - Wanted PCT - Time Play
Normal Forward
1 - 33% - 40% - 15:22
2 - 22% - 30% - 10:23
3 - 24% - 20% - 10:59
4 - 21% - 10% - 9:55
Normal Defense
1 - 43% - 40% - 20:07
2 - 31% - 30% - 14:20
3 - 21% - 20% - 10:01
4 - 5% - 10% - 2:11
PP Forward
1 - 56% - 60% - 3:20
2 - 44% - 40% - 2:37
PP Defense
1 - 57% - 60% - 3:22
2 - 43% - 40% - 2:35
PK Forward
1 - 75% - 60% - 5:32
2 - 25% - 40% - 1:52
PK Defense
1 - 60% - 60% - 4:28
2 - 40% - 40% - 2:56
PK3 Forward
1 - 100% - 60% - 0:36
2 - 0% - 40% - 0:00
PK3 Defense
1 - 100% - 60% - 0:36
2 - 0% - 40% - 0:00
44 Forward
1 - 83% - 60% - 3:40
2 - 17% - 40% - 0:44
44 Defense
1 - 68% - 60% - 3:00
2 - 32% - 40% - 1:24
Last Minute Offensive  - 0:00
Last Minute Defensive  - 0:00
Total
Forward - 65:00
Defense - 65:00

Play-by-Play

1st period


0:01 of 1st period - Tyler Seguin wins face-off versus Matt Duchene in neutral zone.
0:06 of 1st period - Wrist shot by Johnny Gaudreau.
0:06 of 1st period - Stopped by Braden Holtby without a rebound.
0:07 of 1st period - Alex Galchenyuk wins face-off versus Tyler Seguin in Panthers zone.
0:18 of 1st period - Slapshot by Matt Duchene.
0:18 of 1st period - Shot Hit the Post.
0:20 of 1st period - Snap shot by Alex Galchenyuk.
0:20 of 1st period - Shot Misses the Net.
0:28 of 1st period - Snap shot by Alex Galchenyuk.
0:28 of 1st period - Goal by Alex Galchenyuk - Panthers : 1 - Devils : 0.
0:29 of 1st period - Travis Zajac wins face-off versus Riley Sheahan in neutral zone.
1:15 of 1st period - Icing by Tyler Bozak.
1:16 of 1st period - Tyler Bozak wins face-off versus Kyle Wellwood in Devils zone.
1:16 of 1st period - Tyler Bozak is hit by Marek Svatos.
1:30 of 1st period - Snap shot by Kyle Wellwood.
1:30 of 1st period - Shot Misses the Net.
1:32 of 1st period - Wrist shot by Daniel Paille.
1:32 of 1st period - Stopped by Keith Kinkaid with a rebound.
1:34 of 1st period - Backhand shot by Matt Irwin.
1:34 of 1st period - Stopped by Keith Kinkaid with a rebound.
1:44 of 1st period - Brent Seabrook is hit by Kyle Wellwood and loses puck.
2:18 of 1st period - Kyle Wellwood is hit by Brent Seabrook and loses puck.
3:30 of 1st period - Off-side.
3:31 of 1st period - Matt Duchene wins face-off versus Tyler Seguin in neutral zone.
3:40 of 1st period - Jonathan Sigalet is hit by Johnny Gaudreau and loses puck.
3:57 of 1st period - Riley Sheahan is hit by Travis Zajac and loses puck.
4:17 of 1st period - Jonathan Sigalet is hit by Brenden Morrow and loses puck.
4:46 of 1st period - Drew Stafford is hit by Tyler Seguin and loses puck.
6:06 of 1st period - Travis Hamonic is hit by Patrick Eaves and loses puck.
6:19 of 1st period - Steve Montador is hit by Marian Hossa and loses puck.
6:28 of 1st period - Marian Hossa is hit by Matt Irwin and loses puck.
7:59 of 1st period - Erik Gudbranson is hit by Marian Hossa and loses puck.
9:11 of 1st period - Matt Irwin is hit by Radko Gudas and loses puck.
10:55 of 1st period - Ladislav Smid is hit by Daniel Paille and loses puck.
11:08 of 1st period - Brenden Morrow is hit by Erik Gudbranson and loses puck.
11:25 of 1st period - Erik Gudbranson is hit by Brady Skjei and loses puck.
11:52 of 1st period - Matt Irwin is hit by Jordan Caron.
12:02 of 1st period - Matt Irwin is hit by Riley Sheahan and loses puck.
12:19 of 1st period - Brent Seabrook is hit by Stephen Weiss and loses puck.
12:57 of 1st period - Ladislav Smid is hit by Steve Montador and loses puck.
13:10 of 1st period - Taylor Chorney is hit by Radko Gudas and loses puck.
13:21 of 1st period - Travis Hamonic is hit by Chad Larose and loses puck.
13:34 of 1st period - Kevin Porter is hit by Kyle Wellwood and loses puck.
13:41 of 1st period - Kyle Wellwood is hit by Brent Seabrook and loses puck.
13:54 of 1st period - Erik Gudbranson is hit by Rostislav Olesz and loses puck.
14:29 of 1st period - Icing by Alex Galchenyuk.
14:30 of 1st period - Matt Duchene wins face-off versus Tyler Seguin in Panthers zone.
14:46 of 1st period - Wrist shot by Johnny Gaudreau.
14:46 of 1st period - Stopped by Braden Holtby with a rebound.
15:23 of 1st period - Alex Galchenyuk is hit by Marian Hossa and loses puck.
15:34 of 1st period - Wrist shot by Alex Galchenyuk.
15:34 of 1st period - Stopped by Keith Kinkaid without a rebound.
15:35 of 1st period - Travis Zajac wins face-off versus Tyler Seguin in Devils zone.
15:36 of 1st period - Wrist shot by David Booth.
15:36 of 1st period - Stopped by Keith Kinkaid with a rebound.
15:52 of 1st period - Wrist shot by Viktor Arvidsson.
15:52 of 1st period - Shot Misses the Net.
16:05 of 1st period - Minor Penalty to Kellan Lain for Holding.
16:06 of 1st period - Travis Zajac wins face-off versus Riley Sheahan in Devils zone.
16:10 of 1st period - Wrist shot by Travis Zajac.
16:10 of 1st period - Shot Misses the Net.
16:12 of 1st period - Slapshot by Taylor Chorney.
16:12 of 1st period - Stopped by Keith Kinkaid without a rebound.
16:13 of 1st period - Riley Sheahan wins face-off versus Travis Zajac in Devils zone.
16:13 of 1st period - Riley Sheahan is hit by David Booth.
17:49 of 1st period - Matt Duchene is hit by Tyler Seguin.
18:04 of 1st period - Icing by Travis Zajac.
18:05 of 1st period - Penalty to Kellan Lain is over, Kellan Lain is back on ice.
18:05 of 1st period - Travis Zajac wins face-off versus Tyler Bozak in Panthers zone.
18:38 of 1st period - Slapshot by Taylor Chorney.
18:38 of 1st period - Stopped by Keith Kinkaid with a rebound.
18:46 of 1st period - Riley Sheahan is hit by Marek Svatos and loses puck.
19:30 of 1st period - Icing by Tyler Seguin.
19:31 of 1st period - Stephen Weiss wins face-off versus Tyler Seguin in Devils zone.
19:32 of 1st period - Snap shot by Linus Omark.
19:32 of 1st period - Shot Misses the Net.
19:34 of 1st period - Wrist shot by Patrick Eaves.
19:34 of 1st period - Stopped by Keith Kinkaid without a rebound.
19:35 of 1st period - Tyler Seguin wins face-off versus Stephen Weiss in Devils zone.
19:48 of 1st period - Snap shot by Stephen Weiss.
19:48 of 1st period - Shot Blocked by Johnny Gaudreau.
19:59 of 1st period - Icing by Erik Gudbranson.
Goals for this period are 1 for Panthers vs 0 for Devils.
Shots for this period are 8 for Panthers vs 2 for Devils.

2nd period


0:01 of 2nd period - Tyler Seguin wins face-off versus Matt Duchene in neutral zone.
0:08 of 2nd period - Snap shot by Viktor Arvidsson.
0:08 of 2nd period - Stopped by Braden Holtby without a rebound.
0:09 of 2nd period - Tyler Seguin wins face-off versus Matt Duchene in Panthers zone.
0:14 of 2nd period - Snap shot by Johnny Gaudreau.
0:14 of 2nd period - Shot Misses the Net.
0:32 of 2nd period - Minor Penalty to Travis Hamonic for Roughing.
0:33 of 2nd period - Alex Galchenyuk wins face-off versus Riley Sheahan in Devils zone.
0:36 of 2nd period - Snap shot by Alex Galchenyuk.
0:36 of 2nd period - Goal by Alex Galchenyuk - Panthers : 2 - Devils : 0.
0:37 of 2nd period - Matt Duchene wins face-off versus Tyler Seguin in neutral zone.
0:40 of 2nd period - Wrist shot by Alex Galchenyuk.
0:40 of 2nd period - Stopped by Keith Kinkaid without a rebound.
0:41 of 2nd period - Matt Duchene wins face-off versus Tyler Seguin in Devils zone.
1:12 of 2nd period - Slapshot by Riley Sheahan.
1:12 of 2nd period - Shot Blocked by Jonathan Sigalet.
1:14 of 2nd period - Snap shot by Brady Skjei.
1:14 of 2nd period - Deflect By Kellan Lain.
1:14 of 2nd period - Stopped by Braden Holtby with a rebound.
1:16 of 2nd period - Slapshot by Kellan Lain.
1:16 of 2nd period - Shot Blocked by David Booth.
1:18 of 2nd period - Wrist shot by Marian Hossa.
1:18 of 2nd period - Shot Misses the Net.
1:32 of 2nd period - Stephen Weiss is hit by Kevin Porter and loses puck.
1:55 of 2nd period - Snap shot by Rostislav Olesz.
1:55 of 2nd period - Stopped by Braden Holtby with a rebound.
2:09 of 2nd period - Tyler Seguin is hit by Taylor Chorney and loses puck.
2:40 of 2nd period - Wrist shot by Marian Hossa.
2:40 of 2nd period - Shot Hit the Post.
2:42 of 2nd period - Slapshot by Riley Sheahan.
2:42 of 2nd period - Shot Misses the Net.
2:44 of 2nd period - Slapshot by Brady Skjei.
2:44 of 2nd period - Stopped by Braden Holtby without a rebound.
2:45 of 2nd period - Matt Duchene wins face-off versus Kevin Porter in Panthers zone.
3:01 of 2nd period - Off-side.
3:02 of 2nd period - Travis Zajac wins face-off versus Tyler Seguin in neutral zone.
3:11 of 2nd period - Slapshot by David Booth.
3:11 of 2nd period - Shot Blocked by Johnny Gaudreau.
3:13 of 2nd period - Snap shot by Chad Larose.
3:13 of 2nd period - Goal by Chad Larose - Panthers : 3 - Devils : 0.
3:14 of 2nd period - Tyler Seguin wins face-off versus Matt Duchene in neutral zone.
3:45 of 2nd period - Slapshot by Tobias Enstrom.
3:45 of 2nd period - Shot Misses the Net.
3:51 of 2nd period - Slapshot by Kellan Lain.
3:51 of 2nd period - Stopped by Braden Holtby without a rebound.
3:52 of 2nd period - Riley Sheahan wins face-off versus Matt Duchene in Panthers zone.
4:07 of 2nd period - Wrist shot by Kellan Lain.
4:07 of 2nd period - Shot Blocked by Taylor Chorney.
4:17 of 2nd period - Taylor Chorney is hit by Tyler Seguin and loses puck.
4:24 of 2nd period - Slapshot by Viktor Arvidsson.
4:24 of 2nd period - Stopped by Braden Holtby with a rebound.
4:40 of 2nd period - Kyle Wellwood is hit by Kevin Porter and loses puck.
4:51 of 2nd period - Slapshot by Tobias Enstrom.
4:51 of 2nd period - Stopped by Braden Holtby with a rebound.
5:01 of 2nd period - Brent Seabrook is hit by Patrick Eaves and loses puck.
5:12 of 2nd period - Wrist shot by Patrick Eaves.
5:12 of 2nd period - Stopped by Keith Kinkaid without a rebound.
5:13 of 2nd period - Tyler Seguin wins face-off versus Matt Duchene in Devils zone.
5:26 of 2nd period - Slapshot by Matt Duchene.
5:26 of 2nd period - Stopped by Keith Kinkaid without a rebound.
5:27 of 2nd period - Tyler Seguin wins face-off versus Travis Zajac in Devils zone.
5:32 of 2nd period - Slapshot by Travis Hamonic.
5:32 of 2nd period - Shot Blocked by Jonathan Sigalet.
5:34 of 2nd period - Slapshot by Travis Hamonic.
5:34 of 2nd period - Shot Misses the Net.
5:36 of 2nd period - Wrist shot by Brady Skjei.
5:36 of 2nd period - Stopped by Braden Holtby with a rebound.
5:38 of 2nd period - Slapshot by Brady Skjei.
5:38 of 2nd period - Shot Misses the Net.
5:40 of 2nd period - Slapshot by Brady Skjei.
5:40 of 2nd period - Stopped by Braden Holtby with a rebound.
5:42 of 2nd period - Slapshot by Brady Skjei.
5:42 of 2nd period - Deflect By Travis Zajac.
5:42 of 2nd period - Stopped by Braden Holtby with a rebound.
5:44 of 2nd period - Slapshot by Viktor Arvidsson.
5:44 of 2nd period - Shot Misses the Net.
6:27 of 2nd period - Minor Penalty to Kevin Porter for Tripping.
6:28 of 2nd period - Riley Sheahan wins face-off versus Matt Duchene in Devils zone.
6:36 of 2nd period - Slapshot by Erik Gudbranson.
6:36 of 2nd period - Shot Hit the Post.
6:38 of 2nd period - Slapshot by Taylor Chorney.
6:38 of 2nd period - Stopped by Keith Kinkaid without a rebound.
6:39 of 2nd period - Matt Duchene wins face-off versus Riley Sheahan in Devils zone.
7:46 of 2nd period - Jonathan Sigalet is hit by Kellan Lain.
8:17 of 2nd period - Icing by Alex Galchenyuk.
8:18 of 2nd period - Matt Duchene wins face-off versus Riley Sheahan in Panthers zone.
8:27 of 2nd period - Penalty to Kevin Porter is over, Kevin Porter is back on ice.
8:41 of 2nd period - Wrist shot by Kevin Porter.
8:41 of 2nd period - Stopped by Braden Holtby with a rebound.
8:43 of 2nd period - Snap shot by Brenden Morrow.
8:43 of 2nd period - Deflect By Kevin Porter.
8:43 of 2nd period - Stopped by Braden Holtby with a rebound.
8:55 of 2nd period - Slapshot by Kevin Porter.
8:55 of 2nd period - Goal by Kevin Porter - Panthers : 3 - Devils : 1.
8:56 of 2nd period - Drew Stafford wins face-off versus Tyler Seguin in neutral zone.
9:07 of 2nd period - Snap shot by Johnny Gaudreau.
9:07 of 2nd period - Stopped by Braden Holtby with a rebound.
9:09 of 2nd period - Slapshot by Travis Hamonic.
9:09 of 2nd period - Shot Misses the Net.
9:11 of 2nd period - Slapshot by Tyler Seguin.
9:11 of 2nd period - Stopped by Braden Holtby with a rebound.
9:23 of 2nd period - Brady Skjei is hit by Travis Zajac and loses puck.
9:48 of 2nd period - Anthony Stewart is hit by Kyle Wellwood and loses puck.
9:53 of 2nd period - Wrist shot by Kyle Wellwood.
9:53 of 2nd period - Stopped by Keith Kinkaid without a rebound.
9:54 of 2nd period - Matt Duchene wins face-off versus Tyler Seguin in Devils zone.
10:03 of 2nd period - Minor Penalty to Viktor Arvidsson for Interference.
10:04 of 2nd period - Riley Sheahan wins face-off versus Matt Duchene in Devils zone.
10:04 of 2nd period - Riley Sheahan is hit by Drew Stafford.
10:36 of 2nd period - Snap shot by Travis Zajac.
10:36 of 2nd period - Shot Blocked by Brent Seabrook.
12:03 of 2nd period - Penalty to Viktor Arvidsson is over, Viktor Arvidsson is back on ice.
12:33 of 2nd period - Off-side.
12:34 of 2nd period - Tyler Bozak wins face-off versus Stephen Weiss in neutral zone.
12:49 of 2nd period - Wrist shot by Rostislav Olesz.
12:49 of 2nd period - Shot Misses the Net.
12:55 of 2nd period - Stephen Weiss is hit by Brady Skjei and loses puck.
13:20 of 2nd period - Jonathan Sigalet is hit by Anthony Stewart and loses puck.
13:35 of 2nd period - Linus Omark is hit by Anthony Stewart and loses puck.
14:28 of 2nd period - Snap shot by Rostislav Olesz.
14:28 of 2nd period - Stopped by Braden Holtby without a rebound.
14:29 of 2nd period - Matt Duchene wins face-off versus Tyler Seguin in Panthers zone.
14:46 of 2nd period - Snap shot by Johnny Gaudreau.
14:46 of 2nd period - Shot Blocked by Alex Galchenyuk.
14:56 of 2nd period - Marian Hossa is hit by Travis Zajac and loses puck.
15:26 of 2nd period - Off-side.
15:27 of 2nd period - Tyler Seguin wins face-off versus Matt Duchene in neutral zone.
16:32 of 2nd period - Minor Penalty to Steve Montador for Tripping.
16:33 of 2nd period - Riley Sheahan wins face-off versus Travis Zajac in Panthers zone.
16:44 of 2nd period - Slapshot by Viktor Arvidsson.
16:44 of 2nd period - Shot Misses the Net.
16:46 of 2nd period - Slapshot by Brady Skjei.
16:46 of 2nd period - Stopped by Braden Holtby without a rebound.
16:47 of 2nd period - Travis Zajac wins face-off versus Riley Sheahan in Panthers zone.
17:13 of 2nd period - Travis Zajac is hit by Marian Hossa and loses puck.
18:32 of 2nd period - Penalty to Steve Montador is over, Steve Montador is back on ice.
18:35 of 2nd period - Off-side.
18:36 of 2nd period - Matt Duchene wins face-off versus Kevin Porter in neutral zone.
19:44 of 2nd period - Snap shot by Alex Galchenyuk.
19:44 of 2nd period - Shot Misses the Net.
Goals for this period are 2 for Panthers vs 1 for Devils.
Shots for this period are 7 for Panthers vs 17 for Devils.

3rd period


0:01 of 3rd period - Matt Duchene wins face-off versus Tyler Seguin in neutral zone.
0:19 of 3rd period - Icing by Tyler Seguin.
0:20 of 3rd period - Travis Zajac wins face-off versus Tyler Seguin in Devils zone.
0:25 of 3rd period - Slapshot by Tobias Enstrom.
0:25 of 3rd period - Shot Blocked by Taylor Chorney.
0:27 of 3rd period - Slapshot by Johnny Gaudreau.
0:27 of 3rd period - Stopped by Braden Holtby without a rebound.
0:28 of 3rd period - Travis Zajac wins face-off versus Tyler Seguin in Panthers zone.
0:28 of 3rd period - Travis Zajac is hit by Tobias Enstrom.
1:00 of 3rd period - Erik Gudbranson is hit by Marian Hossa and loses puck.
1:15 of 3rd period - Wrist shot by Linus Omark.
1:15 of 3rd period - Stopped by Keith Kinkaid with a rebound.
1:17 of 3rd period - Slapshot by Steve Montador.
1:17 of 3rd period - Stopped by Keith Kinkaid without a rebound.
1:18 of 3rd period - Jordan Caron wins face-off versus Chad Larose in Devils zone.
1:32 of 3rd period - Minor Penalty to David Booth for Hooking.
1:33 of 3rd period - Riley Sheahan wins face-off versus Travis Zajac in Panthers zone.
2:06 of 3rd period - Snap shot by Brady Skjei.
2:06 of 3rd period - Shot Misses the Net.
2:29 of 3rd period - Travis Hamonic is hit by Steve Montador and loses puck.
3:32 of 3rd period - Penalty to David Booth is over, David Booth is back on ice.
3:41 of 3rd period - Brady Skjei is hit by Kyle Wellwood and loses puck.
3:59 of 3rd period - Ladislav Smid is hit by Steve Montador and loses puck.
4:07 of 3rd period - Icing by Ladislav Smid.
4:08 of 3rd period - Kevin Porter wins face-off versus Matt Duchene in Devils zone.
4:08 of 3rd period - Kevin Porter is hit by Matt Duchene.
4:22 of 3rd period - Radko Gudas is hit by Brandon Gormley and loses puck.
4:32 of 3rd period - Icing by Jordan Caron.
4:33 of 3rd period - Tyler Bozak wins face-off versus Travis Zajac in Devils zone.
5:07 of 3rd period - Snap shot by Johnny Gaudreau.
5:07 of 3rd period - Shot Misses the Net.
5:09 of 3rd period - Wrist shot by Tyler Seguin.
5:09 of 3rd period - Stopped by Braden Holtby without a rebound.
5:10 of 3rd period - Travis Zajac wins face-off versus Tyler Seguin in Panthers zone.
5:10 of 3rd period - Travis Zajac is hit by Tyler Seguin.
5:42 of 3rd period - Snap shot by Drew Stafford.
5:42 of 3rd period - Deflect By Riley Sheahan.
5:42 of 3rd period - Stopped by Keith Kinkaid with a rebound.
5:46 of 3rd period - Wrist shot by Matt Duchene.
5:46 of 3rd period - Shot Misses the Net.
5:48 of 3rd period - Wrist shot by Matt Duchene.
5:48 of 3rd period - Stopped by Keith Kinkaid with a rebound.
6:46 of 3rd period - Snap shot by Rostislav Olesz.
6:46 of 3rd period - Shot Blocked by Matt Irwin.
6:48 of 3rd period - Snap shot by Tyler Bozak.
6:48 of 3rd period - Shot Misses the Net.
6:50 of 3rd period - Slapshot by Travis Hamonic.
6:50 of 3rd period - Goal by Travis Hamonic - Panthers : 3 - Devils : 2.
6:51 of 3rd period - Tyler Seguin wins face-off versus Matt Duchene in neutral zone.
6:55 of 3rd period - Minor Penalty to Matt Duchene for Hooking.
6:56 of 3rd period - Riley Sheahan wins face-off versus Travis Zajac in Panthers zone.
7:27 of 3rd period - Wrist shot by Brent Seabrook.
7:27 of 3rd period - Stopped by Braden Holtby without a rebound.
7:28 of 3rd period - Viktor Arvidsson wins face-off versus Kyle Wellwood in Panthers zone.
8:55 of 3rd period - Penalty to Matt Duchene is over, Matt Duchene is back on ice.
9:23 of 3rd period - Slapshot by Brady Skjei.
9:23 of 3rd period - Stopped by Braden Holtby without a rebound.
9:24 of 3rd period - Tyler Bozak wins face-off versus Matt Duchene in Panthers zone.
9:27 of 3rd period - Slapshot by Anthony Stewart.
9:27 of 3rd period - Stopped by Braden Holtby without a rebound.
9:28 of 3rd period - Tyler Bozak wins face-off versus Matt Duchene in Panthers zone.
9:55 of 3rd period - Slapshot by Johnny Gaudreau.
9:55 of 3rd period - Shot Misses the Net.
10:01 of 3rd period - Wrist shot by Viktor Arvidsson.
10:01 of 3rd period - Shot Blocked by Matt Irwin.
10:03 of 3rd period - Slapshot by Johnny Gaudreau.
10:03 of 3rd period - Shot Misses the Net.
10:19 of 3rd period - Snap shot by Stephen Weiss.
10:19 of 3rd period - Shot Blocked by Kellan Lain.
10:39 of 3rd period - Brenden Morrow is hit by Patrick Eaves and loses puck.
10:46 of 3rd period - Wrist shot by Jordan Caron.
10:46 of 3rd period - Shot Misses the Net.
10:56 of 3rd period - Wrist shot by Johnny Gaudreau.
10:56 of 3rd period - Goal by Johnny Gaudreau - Panthers : 3 - Devils : 3.
10:57 of 3rd period - Tyler Seguin wins face-off versus Matt Duchene in neutral zone.
11:28 of 3rd period - Chad Larose is hit by Marian Hossa and loses puck.
11:45 of 3rd period - Slapshot by Erik Gudbranson.
11:45 of 3rd period - Shot Blocked by Brady Skjei.
11:51 of 3rd period - Stephen Weiss is hit by Brady Skjei and loses puck.
12:29 of 3rd period - Snap shot by David Booth.
12:29 of 3rd period - Stopped by Keith Kinkaid with a rebound.
12:31 of 3rd period - Slapshot by Jonathan Sigalet.
12:31 of 3rd period - Stopped by Keith Kinkaid without a rebound.
12:32 of 3rd period - Riley Sheahan wins face-off versus Matt Duchene in Devils zone.
12:59 of 3rd period - Kevin Porter is hit by Chad Larose and loses puck.
13:06 of 3rd period - Snap shot by David Booth.
13:06 of 3rd period - Shot Misses the Net.
13:21 of 3rd period - Off-side.
13:22 of 3rd period - Tyler Seguin wins face-off versus Stephen Weiss in neutral zone.
13:33 of 3rd period - Snap shot by Stephen Weiss.
13:33 of 3rd period - Shot Blocked by Brady Skjei.
13:41 of 3rd period - Snap shot by Stephen Weiss.
13:41 of 3rd period - Shot Blocked by Travis Hamonic.
13:45 of 3rd period - Snap shot by Stephen Weiss.
13:45 of 3rd period - Stopped by Keith Kinkaid with a rebound.
13:47 of 3rd period - Wrist shot by Stephen Weiss.
13:47 of 3rd period - Shot Blocked by Johnny Gaudreau.
13:49 of 3rd period - Wrist shot by Stephen Weiss.
13:49 of 3rd period - Stopped by Keith Kinkaid with a rebound.
13:51 of 3rd period - Slapshot by Matt Irwin.
13:51 of 3rd period - Shot Misses the Net.
13:53 of 3rd period - Snap shot by Matt Irwin.
13:53 of 3rd period - Deflect By Stephen Weiss.
13:53 of 3rd period - Stopped by Keith Kinkaid without a rebound.
13:54 of 3rd period - Riley Sheahan wins face-off versus Matt Duchene in Devils zone.
13:54 of 3rd period - Riley Sheahan is hit by Drew Stafford.
14:26 of 3rd period - Wrist shot by Brenden Morrow.
14:26 of 3rd period - Stopped by Braden Holtby without a rebound.
14:27 of 3rd period - Kevin Porter wins face-off versus Travis Zajac in Panthers zone.
14:46 of 3rd period - Slapshot by Travis Hamonic.
14:46 of 3rd period - Shot Blocked by Alex Galchenyuk.
14:54 of 3rd period - Icing by Travis Hamonic.
14:55 of 3rd period - Matt Duchene wins face-off versus Brenden Morrow in Devils zone.
14:56 of 3rd period - Snap shot by Alex Galchenyuk.
14:56 of 3rd period - Stopped by Keith Kinkaid with a rebound.
15:00 of 3rd period - Wrist shot by Drew Stafford.
15:00 of 3rd period - Stopped by Keith Kinkaid without a rebound.
15:01 of 3rd period - Matt Duchene wins face-off versus Tyler Seguin in Devils zone.
15:02 of 3rd period - Wrist shot by Drew Stafford.
15:02 of 3rd period - Stopped by Keith Kinkaid without a rebound.
15:03 of 3rd period - Tyler Seguin wins face-off versus Matt Duchene in Devils zone.
15:27 of 3rd period - Icing by Matt Duchene.
15:28 of 3rd period - Matt Duchene wins face-off versus Kevin Porter in Panthers zone.
16:06 of 3rd period - Stephen Weiss is hit by Johnny Gaudreau and loses puck.
16:39 of 3rd period - Slapshot by David Booth.
16:39 of 3rd period - Shot Blocked by Anthony Stewart.
16:59 of 3rd period - Slapshot by Matt Irwin.
16:59 of 3rd period - Deflect By Daniel Paille.
16:59 of 3rd period - Shot Misses the Net.
16:59 of 3rd period - Puck is out of play.
17:00 of 3rd period - Kevin Porter wins face-off versus Kyle Wellwood in Devils zone.
17:27 of 3rd period - Snap shot by Johnny Gaudreau.
17:27 of 3rd period - Deflect By Matt Duchene.
17:27 of 3rd period - Shot Blocked by Erik Gudbranson.
17:27 of 3rd period - Puck is out of play.
17:28 of 3rd period - Tyler Seguin wins face-off versus Matt Duchene in Panthers zone.
17:35 of 3rd period - Snap shot by Viktor Arvidsson.
17:35 of 3rd period - Shot Misses the Net.
18:05 of 3rd period - Snap shot by Matt Duchene.
18:05 of 3rd period - Stopped by Keith Kinkaid without a rebound.
18:06 of 3rd period - Travis Zajac wins face-off versus Kevin Porter in Devils zone.
18:15 of 3rd period - Slapshot by David Booth.
18:15 of 3rd period - Stopped by Keith Kinkaid without a rebound.
18:16 of 3rd period - Kevin Porter wins face-off versus Travis Zajac in Devils zone.
18:25 of 3rd period - Backhand shot by Brent Seabrook.
18:25 of 3rd period - Stopped by Braden Holtby with a rebound.
18:29 of 3rd period - Snap shot by Jordan Caron.
18:29 of 3rd period - Deflect By Kevin Porter.
18:29 of 3rd period - Stopped by Braden Holtby without a rebound.
18:30 of 3rd period - Matt Duchene wins face-off versus Tyler Seguin in Panthers zone.
18:36 of 3rd period - Minor Penalty to Tyler Seguin for Hooking.
18:37 of 3rd period - Matt Duchene wins face-off versus Riley Sheahan in Devils zone.
19:09 of 3rd period - Slapshot by Erik Gudbranson.
19:09 of 3rd period - Shot Blocked by Kevin Porter.
Goals for this period are 0 for Panthers vs 2 for Devils.
Shots for this period are 14 for Panthers vs 10 for Devils.

Overtime #1


0:01 of 1st overtime period - Brenden Morrow wins face-off versus Matt Duchene in neutral zone.
0:36 of 1st overtime period - Penalty to Tyler Seguin is over, Tyler Seguin is back on ice.
0:36 of 1st overtime period - Travis Hamonic is hit by Alex Galchenyuk.
0:46 of 1st overtime period - Slapshot by Jonathan Sigalet.
0:46 of 1st overtime period - Shot Misses the Net.
0:48 of 1st overtime period - Slapshot by Erik Gudbranson.
0:48 of 1st overtime period - Shot Blocked by Brent Seabrook.
0:50 of 1st overtime period - Snap shot by David Booth.
0:50 of 1st overtime period - Shot Misses the Net.
0:52 of 1st overtime period - Slapshot by Erik Gudbranson.
0:52 of 1st overtime period - Stopped by Keith Kinkaid with a rebound.
0:54 of 1st overtime period - Snap shot by Travis Zajac.
0:54 of 1st overtime period - Shot Misses the Net.
1:12 of 1st overtime period - Snap shot by Viktor Arvidsson.
1:12 of 1st overtime period - Shot Blocked by Daniel Paille.
1:22 of 1st overtime period - Brent Seabrook is hit by Daniel Paille and loses puck.
1:37 of 1st overtime period - Snap shot by Tyler Seguin.
1:37 of 1st overtime period - Shot Misses the Net.
1:47 of 1st overtime period - Tyler Seguin is hit by Travis Zajac and loses puck.
1:52 of 1st overtime period - Wrist shot by Travis Zajac.
1:52 of 1st overtime period - Stopped by Keith Kinkaid with a rebound.
1:54 of 1st overtime period - Slapshot by Travis Zajac.
1:54 of 1st overtime period - Shot Blocked by Tobias Enstrom.
1:56 of 1st overtime period - Slapshot by Taylor Chorney.
1:56 of 1st overtime period - Shot Misses the Net.
1:58 of 1st overtime period - Wrist shot by Travis Zajac.
1:58 of 1st overtime period - Shot Misses the Net.
2:08 of 1st overtime period - Erik Gudbranson is hit by Brady Skjei and loses puck.
2:27 of 1st overtime period - Riley Sheahan is hit by Steve Montador and loses puck.
3:48 of 1st overtime period - Kellan Lain is hit by Travis Zajac.
4:11 of 1st overtime period - Icing by Kyle Wellwood.
4:12 of 1st overtime period - Kyle Wellwood wins face-off versus Tyler Seguin in Panthers zone.
Goals for this period are 0 for Panthers vs 0 for Devils.
Shots for this period are 2 for Panthers vs 0 for Devils.

ShootOut


5:00 of 1st overtime period - Round #1.
5:00 of 1st overtime period - Panthers, Alex Galchenyuk.
5:00 of 1st overtime period - Snap shot by Alex Galchenyuk.
5:00 of 1st overtime period - Shot Misses the Net.
5:00 of 1st overtime period - Devils, Tyler Seguin.
5:00 of 1st overtime period - Snap shot by Tyler Seguin.
5:00 of 1st overtime period - Stopped by Braden Holtby.
5:00 of 1st overtime period - Round #2.
5:00 of 1st overtime period - Panthers, Kyle Wellwood.
5:00 of 1st overtime period - Snap shot by Kyle Wellwood.
5:00 of 1st overtime period - Shot Misses the Net.
5:00 of 1st overtime period - Devils, Viktor Arvidsson.
5:00 of 1st overtime period - Snap shot by Viktor Arvidsson.
5:00 of 1st overtime period - Shot Misses the Net.
5:00 of 1st overtime period - Round #3.
5:00 of 1st overtime period - Panthers, Daniel Paille.
5:00 of 1st overtime period - Wrist shot by Daniel Paille.
5:00 of 1st overtime period - Shot Misses the Net.
5:00 of 1st overtime period - Devils, Johnny Gaudreau.
5:00 of 1st overtime period - Wrist shot by Johnny Gaudreau.
5:00 of 1st overtime period - Goal by Johnny Gaudreau.